Map: Crête de Lerilak

Players

blitzkrieg

  • Race: Zerg Zerg
  • League: Diamond

WoODY - Winner!

  • Race: Terran Terran
  • League: Diamond

VOD

Have the link to the VOD?

Description

Time

  • Played on: May 4, 2016, 2:01 p.m.
  • Length: 13:06
Show
View Real Time Build Order
Export as new Build Order

blitzkrieg Zerg 

Build Orders: Pool First 

Get SALT Encoding   

  12  0:01  Drone  
  13  0:10  Drone  
  14  0:15  Extractor  
  14  0:18  Drone, Extractor  
  13  0:22  Drone  
  16  0:29  Overlord  
  16  0:45  Spawning Pool  
  16  0:47  Drone  
  16  0:51  Drone  
  16  0:55  Drone  
  18  1:19  Hatchery  
  18  1:21  Extractor  
  18  1:22  Drone  
  17  1:29  Drone  
  18  1:38  Roach Warren  
  17  1:40  Drone  
  18  1:58  Queen  
  20  2:02  Overlord  
  19  2:18  Roach  
  19  2:21  Roach x2  
  25  2:29  Drone  
  26  2:31  Drone  
  27  2:42  Queen  
  29  2:51  Zergling x4  
  31  2:52  Drone  
  31  2:53  Drone  
  33  3:01  Drone  
  33  3:04  Drone  
  35  3:12  Drone  
  36  3:29  Overlord  
  36  3:35  Lair  
  36  3:39  Overlord  
  36  3:48  Hatchery  
  36  3:52  Drone x5  
  40  4:03  Drone  
  40  4:04  Drone x4  
  45  4:13  Drone x4  
  49  4:19  Extractor  
  49  4:22  Drone x2  
  50  4:36  Extractor  
  49  4:40  Extractor  
  49  4:44  Roach x2  
  52  4:56  Overlord x4  
  52  5:02  Roach x3  
  52  5:05  Glial Reconstitution  
  58  5:19  Drone x4  
  58  5:21  Drone x5  
  65  5:25  Spore Crawler  
  65  5:26  Drone  
  67  5:29  Spore Crawler  
  67  5:32  Spore Crawler  
  65  5:40  Drone x3  
  65  5:42  Drone x3  
  71  5:46  Overlord  
  71  5:49  Drone x2  
  73  5:51  Drone  
  73  5:52  Drone  
  74  6:08  Evolution Chamber  
  74  6:10  Evolution Chamber  
  71  6:12  Roach x3  
  77  6:18  Burrow  
  77  6:19  Roach  
  77  6:20  Roach x4  
  77  6:22  Ravager  
  77  6:23  Ravager x2  
  77  6:24  Ravager x2  
  92  6:28  Queen  
  94  6:34  Zerg Missile Weapons Level 1  
  94  6:36  Zerg Ground Armor Level 1  
  94  6:44  Tunneling Claws  
  94  6:49  Drone x3  
  94  7:03  Drone x3  
  97  7:10  Overlord x2  
  97  7:14  Overlord x2  
  97  7:21  Spore Crawler  
  97  7:22  Drone  
  97  7:29  Roach x2  
  105  7:30  Roach x6  
  113  7:37  Roach x2  
  113  7:38  Roach x4  
  113  7:41  Overseer  
  125  7:45  Drone  
  125  7:49  Roach  
  128  7:51  Overlord  
  128  7:58  Overlord  
  128  8:03  Overlord  
  128  8:11  Overlord  
  128  8:12  Roach x4  
  136  8:18  Roach x16  
  138  8:20  Roach x4  
  138  8:21  Roach x21  
  140  8:35  Roach x10  
  157  8:43  Roach x2  
  157  8:44  Roach x4  
  161  8:50  Roach  
  152  9:03  Roach x22  
  152  9:05  Roach x8  
  146  9:11  Roach x19  
  131  9:26  Roach  
  88  9:40  Roach  
  88  9:41  Roach x5  
  88  9:43  Roach x4  
  84  10:24  Hatchery x2, Zerg Missile Weapons Level 2  
  84  10:25  Zerg Ground Armor Level 2  
  84  10:27  Overlord  
  82  10:30  Ravager x8  
  82  10:31  Ravager x3  
  93  10:40  Overlord  
  93  10:47  Infestation Pit  
  93  10:48  Roach  
  93  10:49  Roach x4  
  102  10:53  Roach x2  
  106  11:09  Roach x7  
  120  11:16  Roach  
  120  11:17  Roach x2  
  126  11:29  Extractor  
  126  11:30  Drone x5  
  130  11:33  Extractor, Drone  
  130  11:34  Drone x3  
  133  11:41  Roach x3  
  133  11:43  Drone x2  
  133  11:44  Drone  
  116  12:15  Roach x2  
  68  12:16  Roach x7  
  68  12:17  Roach  
  68  12:22  Roach  
  77  12:27  Roach x2  
  70  12:31  Roach x11  
  70  12:34  Roach  
  74  12:37  Roach  
Show
View Real Time Build Order
Export as new Build Order

WoODY Terran - Winner!

Build Orders: Reaper Expand, MMM Bio 

Get SALT Encoding   

  12  0:01  SCV  
  13  0:13  SCV  
  14  0:17  Supply Depot  
  14  0:25  SCV  
  15  0:39  SCV  
  15  0:40  Barracks  
  16  0:44  Refinery  
  16  0:51  SCV  
  17  1:03  SCV  
  18  1:15  SCV  
  19  1:28  Orbital Command  
  19  1:29  Reaper  
  20  1:40  Command Center  
  20  1:50  Supply Depot  
  20  1:53  SCV  
  21  2:07  Barracks Reactor  
  21  2:09  SCV  
  22  2:18  Barracks  
  22  2:21  SCV  
  23  2:32  Factory  
  23  2:33  SCV  
  24  2:44  Marine x2  
  24  2:45  SCV  
  27  2:52  Orbital Command  
  27  2:57  SCV, Refinery  
  28  3:07  Marine  
  28  3:08  Marine  
  28  3:09  SCV  
  31  3:22  SCV x2  
  31  3:26  Barracks Tech Lab  
  33  3:31  Starport  
  33  3:34  SCV  
  33  3:38  Supply Depot  
  34  3:42  Hellion x2  
  34  3:44  SCV  
  34  3:48  Barracks Reactor  
  39  3:50  Stimpack  
  37  4:00  Bunker  
  37  4:01  Orbital Command  
  36  4:02  Widow Mine  
  36  4:03  Marauder, Widow Mine  
  42  4:17  SCV  
  42  4:18  Barracks  
  43  4:24  Supply Depot  
  43  4:25  Marauder, Marine, Supply Depot  
  46  4:45  Medivac, Marine, SCV  
  46  4:46  Orbital Command  
  50  4:57  Marauder  
  56  5:11  Marine x2  
  54  5:16  Factory Tech Lab  
  54  5:18  SCV x2  
  54  5:19  Marine  
  57  5:29  Marine  
  57  5:30  SCV x2  
  57  5:32  Barracks  
  60  5:35  Starport Reactor  
  60  5:37  Marine x2  
  62  5:45  Supply Depot  
  62  5:46  Supply Depot  
  62  5:56  Supply Depot  
  62  5:57  Supply Depot, Combat Shields  
  62  6:03  Supply Depot  
  62  6:05  Refinery  
  62  6:06  Siege Tank, Marine x2, SCV, Refinery  
  62  6:07  Marauder, Marine, SCV  
  72  6:13  Medivac  
  72  6:14  Medivac, Marine  
  77  6:19  SCV x2  
  79  6:29  Marine  
  79  6:30  Marauder, Marine x2  
  79  6:31  SCV  
  79  6:32  Marine, SCV  
  87  6:38  Barracks Tech Lab  
  87  6:40  Siege Tank  
  87  6:43  SCV  
  87  6:44  SCV  
  92  6:51  Marauder  
  94  6:55  SCV  
  95  7:04  Marine x2  
  95  7:05  Marauder, Marine x2  
  97  7:11  SCV x2  
  97  7:12  Marine  
  100  7:15  Supply Depot  
  100  7:19  Medivac  
  102  7:37  Marauder x2, Siege Tank, SCV  
  102  7:42  Command Center  
  110  7:50  Supply Depot  
  110  7:53  Supply Depot  
  110  7:57  Engineering Bay  
  110  8:11  Medivac, Marine x3  
  110  8:12  Marauder, SCV  
  118  8:14  Marine x2  
  118  8:16  Siege Tank  
  123  8:21  SCV  
  123  8:24  Terran Infantry Weapons Level 1  
  123  8:25  Engineering Bay  
  124  8:29  Marine x2  
  124  8:30  Marauder  
  124  8:32  Marine  
  126  8:54  Marauder, Marine x3  
  124  9:10  SCV x2  
  121  9:22  SCV  
  91  9:42  Orbital Command  
  91  9:44  SCV x2  
  79  9:54  Terran Infantry Armor Level 1  
  79  9:56  SCV x2  
  79  9:57  Marauder x2, Marine x4  
  79  9:59  Medivac x2, Siege Tank  
  96  10:11  SCV x2  
  96  10:12  Liberator  
  96  10:13  Liberator  
  98  10:14  Marine  
  98  10:15  Marine x3  
  98  10:18  Marauder  
  98  10:19  Marauder  
  98  10:20  Armory  
  106  10:31  Siege Tank  
  106  10:32  Marine x2  
  106  10:33  Marine  
  118  10:38  Marine  
  118  10:40  Marauder x2  
  123  10:50  Marine x2  
  123  10:55  Missile Turret  
  125  10:58  Supply Depot  
  125  11:00  Marine x2  
  125  11:01  Marauder x2  
  125  11:02  Liberator x2  
  131  11:08  Marine x2  
  133  11:19  Marine x2  
  133  11:22  Supply Depot  
  133  11:23  Supply Depot  
  141  11:34  Supply Depot  
  141  11:37  Supply Depot  
  141  11:41  Supply Depot  
  141  11:42  Supply Depot  
  141  11:43  Siege Tank, Marine  
  141  11:44  Marauder x2, Marine x2, SCV x2  
  151  12:05  Marauder  
  151  12:06  Liberator  
  145  12:14  Marauder, Marine x4  
  141  12:22  Medivac, Siege Tank  
  140  12:26  Marauder  
  147  12:32  Marine x4  
  147  12:33  SCV x2  
  147  12:35  Marauder  
  155  12:50  Command Center  
Tags
 
Add a new tag
Caveats
  • Supply blocks, unpowered buildings, or Contaminate may cause inaccurate times.
  • Supply counts are checked every 10 seconds.